 Dungeon Crawl Stone Soup version 0.02-100-gc9e1e00884 (webtiles) character file.

Game seed: 7796315421947952139, levelgen mode: deterministic

10805 Borgoz the Protected (level 11, -2/111 HPs) Gargoyle Berserker. Began on Sept 16, 2020. Was the Champion of Trog. Slain by Snorg (4 damage) ... on level 6 of the Dungeon. The game lasted 00:20:26 (5682 turns).

Borgoz the Protected (Gargoyle Berserker)           Turns: 5682, Time: 00:20:26

Health: -2/111     AC: 24    Str: 26    XL:     11 ^: 2936
Magic:  11/11      EV: 13    Int: 10    God:    Trog [6* [169]]
Gold:   316        SH:  0    Dex: 10    Spells: 10/10 levels left

rFire    + . .     Vision   .   a - +1 eveningstar (venom)
rCold    . . .     Gourm    .   (no weapon)
rNeg     + . .     Faith    .   i - +2 chain mail {rF+}
rPois    ∞         Spirit   .   (no helmet)
rElec    +         Reflect  .   (no cloak)
rCorr    .         Harm     .   q - +0 pair of gloves
MR       .....     Rnd*Rage +   (no boots)
Stlth    ..........             (no amulet)
HPRegen  0.47/turn              v - ring of stealth
MPRegen  0.21/turn              (no ring)

@: berserking, very quick
A: talons 1, clever 1, negative energy resistance 1, electricity resistance,
weak 1, unbreathing, petrification resistance, rot immunity, AC +8
a: Berserk, Trog's Hand, Brothers in Arms, Renounce Religion


You were on level 6 of the Dungeon.
You worshipped Trog.
Trog was exalted by your worship.
You were very hungry.

You visited 2 branches of the dungeon, and saw 7 of its levels.

You collected 316 gold pieces.

Inventory:

Weapons
 a - a +1 eveningstar of venom (weapon)
 b - a +0 quarterstaff
 y - a +0 great mace
Armour
 i - a +2 chain mail of fire resistance (worn)
 q - a +0 pair of gloves (worn)
Jewellery
 v - a ring of stealth (left hand)
Wands
 e - a wand of enslavement (10)
 k - a wand of polymorph (1)
Scrolls
 f - 5 scrolls of teleportation
 l - a scroll of blinking
 n - 3 scrolls of enchantment
 p - a scroll of fear
 t - a scroll of magic mapping
 u - 2 scrolls of fog
Potions
 d - 2 potions of curing
 g - 6 potions of cancellation
 h - 2 potions of heal wounds
 m - 2 potions of agility
 o - a potion of invisibility
 r - a potion of might
 s - 3 potions of berserk rage
 w - a potion of haste
 x - a potion of brilliance
Comestibles
 c - 11 rations
 j - 27 chunks of flesh


   Skills:
 * Level 11.5 Fighting
 * Level 6.7 Maces & Staves
 * Level 12.4 Armour
 + Level 8.3 Dodging


You had 10 spell levels left.
You didn't know any spells.
Your spell library was empty.

Dungeon Overview and Level Annotations

Branches:
Dungeon (6/8)              Temple (1/1) D:4            Lair (0/6) D:5
    Orc (0/2) D:6

Altars:
Ashenzari
Elyvilon
Gozag Ym Sagoz
Hepliaklqana
Kikubaaqudgha
Makhleb
Nemelex Xobeh
Okawaru
Qazlal
Ru
Sif Muna
Trog
Uskayaw
Vehumet
Wu Jian
Xom
Yredelemnul

Shops:
D:3 [   D:5 =

Annotations:
D:6 Snorg


Innate Abilities, Weirdness & Mutations

You are resistant to torment.
Your stone body is resilient. (AC +8)
You are immune to poison.
You resist negative energy. (rN+)
You are resistant to electric shocks. (rElec)
You can survive without breathing.
You are immune to petrification.
You are immune to rotting.
You frequently lose your temper in combat.
This godly rage surpasses even clarity. (*Rage)
You have sharp toenails.
Your mind is acute. (Int +2)
You are weak. (Str -2)


Message History

The cyclops is heavily wounded. (27/49) HP You are feeling very hungry.
Snorg barely misses you (0). Snorg claws you (12)!
* * * LOW HITPOINT WARNING * * *
Snorg barely misses you (0).
The water moccasin bites you but does no damage.
You puncture Snorg (9)!
Snorg is poisoned.
Snorg is lightly wounded. (140/149) HP You hit Snorg (4).
Snorg blocks your attack.
Snorg is lightly wounded. (136/149) HP Snorg closely misses you (0).
Snorg claws you (15)!
* * * LOW HITPOINT WARNING * * *
Snorg claws you but does no damage.
The water moccasin bites you but does no damage.
You barely miss Snorg. You punch Snorg (8)! You claw Snorg (5).
Snorg is lightly wounded. (124/149) HP Snorg bites you but does no damage.
Snorg claws you (6).
* * * LOW HITPOINT WARNING * * *
Snorg claws you (4).
You die...

)#### #.# .# #.## ##
#..## #### ##..# ...#
########## ####'##
...# .........#
####.....# ...+
.........###..'.###.#
...#
.........##..##...#.#
.?.#
......T@['..###.#[#.#
...# ......CS.####
#.#...# ...#
##.>#'#### ####+##
#### ## #. ## . .# ##
.#### ....# ....#


You could see Snorg (berserk), a cyclops and a water moccasin.

Vanquished Creatures
  A boulder beetle (D:6)
  A two-headed ogre (D:5)
  A hydra (D:6)
  Joseph (D:4)
  An elephant (D:5)
  3 trolls
  A hornet (D:5)
  A wraith (D:5)
  A cyclops (D:6)
  A vampire (D:6)
  A basilisk (D:5)
  A yak (D:5)
  2 wyverns (D:6)
  An acid dragon (D:6)
  2 slime creatures (D:2)
  A phantom (D:3)
  Duvessa (D:2)
  2 ice beasts (D:5)
  2 sky beasts (D:6)
  5 ogres
  A crocodile (D:5)
  2 big kobolds
  8 bullfrogs
  Dowan (D:2)
  A meliai zombie (D:4)
  A howler monkey (D:5)
  2 scorpions (D:5)
  5 wights
  4 killer bees (D:5)
  A hound (D:4)
  A crimson imp (D:4)
  7 orc priests
  7 jellies
  8 orc wizards
  An iguana (D:5)
  A wyvern zombie (D:6)
  8 worker ants
  A water moccasin skeleton (D:5)
  A wyvern skeleton (D:3)
  An iron imp (D:4)
  A bullfrog zombie (D:4)
  A bullfrog skeleton (D:4)
  3 porcupine skeletons (D:3)
  A shadow imp (D:4)
  10 adders
  24 sewer rats
  11 cinder newts
  A worm (D:3)
  A hound skeleton (D:3)
  14 oozes
  A worker ant zombie (D:5)
  3 dart slugs
  9 leopard geckos
  24 orcs
  An adder zombie (D:5)
  3 ball pythons
  8 bats
  A cinder newt skeleton (D:2)
  5 giant cockroaches
  4 goblins (D:1)
  5 hobgoblins (D:1)
  12 jackals
  12 kobolds
  3 quokkas
  4 bat skeletons (D:2)
  A jackal skeleton (D:3)
  An orc skeleton (D:2)
  A quokka skeleton (D:2)
  4 rats
  2 rat skeletons (D:2)
  A withered plant (D:2)
264 creatures vanquished.

Vanquished Creatures (others)
  A jelly (D:2)
  A sewer rat (D:2)
  A quokka (D:5)
  A bat (D:2)
  4 kobolds (D:2)
  A plant (D:5)
  A slimehead (D:2)
  182 withered plants (D:2)
192 creatures vanquished.

Grand Total: 456 creatures vanquished

Notes
Turn   | Place    | Note
-------+----------+-------------------------------------------
     0 | D:1      | Borgoz the Gargoyle Berserker began the quest for the Orb.
     0 | D:1      | Reached XP level 1. HP: 14/14 MP: 1/1
   113 | D:1      | Reached XP level 2. HP: 19/19 MP: 2/2
   179 | D:1      | Reached XP level 3. HP: 23/23 MP: 3/3
   493 | D:1      | Received a gift from Trog
   589 | D:1      | Reached ** piety under Trog
   653 | D:1      | Reached skill level 3 in Armour
   653 | D:1      | Reached XP level 4. HP: 24/29 MP: 4/4
  1120 | D:2      | Found a hide-covered altar of Uskayaw.
  1161 | D:2      | Noticed a big kobold
  1165 | D:2      | Noticed Dowan
  1176 | D:2      | Noticed Duvessa
  1249 | D:1      | Reached XP level 5. HP: 31/33 MP: 5/5
  1262 | D:1      | Reached XP level 6. HP: 33/39 MP: 6/6
  1349 | D:2      | Killed Duvessa
  1349 | D:2      | Reached skill level 4 in Armour
  1358 | D:2      | Killed Dowan
  1358 | D:2      | Reached skill level 5 in Fighting
  1503 | D:2      | Reached XP level 7. HP: 41/44 MP: 7/7
  1828 | D:2      | Reached skill level 5 in Armour
  1847 | D:2      | Reached *** piety under Trog
  1855 | D:2      | Received a gift from Trog
  1855 | D:2      | Reached XP level 8. HP: 19/51 MP: 8/8
  2065 | D:2      | Reached skill level 6 in Armour
  2120 | D:2      | Found an ornate altar of the Wu Jian Council.
  2279 | D:2      | Found a basalt altar of Yredelemnul.
  2830 | D:2      | Reached **** piety under Trog
  3084 | D:3      | Received a gift from Trog
  3084 | D:3      | Reached skill level 7 in Armour
  3220 | D:3      | Gained mutation: You are weak. (Str -2) [potion of
                  | mutation]
  3220 | D:3      | Gained mutation: You have sharp toenails. [potion of
                  | mutation]
  3220 | D:3      | Gained mutation: Your mind is acute. (Int +2) [potion of
                  | mutation]
  3228 | D:3      | Found Jutzeona's Armour Shoppe.
  3268 | D:3      | Found a shimmering altar of Xom.
  3328 | D:3      | Reached ***** piety under Trog
  3400 | D:3      | Reached XP level 9. HP: 59/59 MP: 9/9
  3680 | D:4      | Reached skill level 8 in Armour
  3881 | D:4      | Received a gift from Trog
  4176 | D:4      | Found a staircase to the Ecumenical Temple.
  4177 | D:4      | Reached skill level 10 in Fighting
  4177 | D:4      | Reached skill level 11 in Armour
  4177 | D:4      | Reached XP level 10. HP: 68/68 MP: 10/10
  4190 | Temple   | Entered the Ecumenical Temple
  4449 | D:4      | Noticed Joseph
  4465 | D:4      | Killed Joseph
  4503 | D:4      | Found an iron altar of Okawaru.
  4619 | D:5      | Entered Level 5 of the Dungeon
  4624 | D:5      | Found a staircase to the Lair.
  4634 | D:5      | Noticed a two-headed ogre
  4644 | D:5      | Killed a two-headed ogre
  4647 | D:5      | Reached skill level 5 in Maces & Staves
  4753 | D:5      | Reached XP level 11. HP: 58/73 MP: 11/11
  4770 | D:5      | Found Suoj's Jewellery Shoppe.
  4965 | D:5      | Found a white marble altar of Elyvilon.
  5115 | D:5      | Found a runed translucent door.
  5126 | D:5      | Identified the +4 staff of the Feather {energy, death; rN+
                  | Str-4 Dex+3 Slay+5}
  5148 | D:5      | Reached ****** piety under Trog
  5149 | D:5      | Reached skill level 12 in Armour
  5415 | D:6      | Received a gift from Trog
  5498 | D:6      | Noticed a boulder beetle
  5509 | D:6      | Killed a boulder beetle
  5581 | D:6      | Noticed a seven-headed hydra
  5585 | D:6      | Killed a seven-headed hydra
  5673 | D:6      | Found a staircase to the Orcish Mines.
  5674 | D:6      | Noticed Snorg
  5682 | D:6      | HP: 2/111 [Snorg (6)]
  5682 | D:6      | Slain by Snorg

Levels and vault maps discovered:
D:1:      psy_arrival_fountain, layout_basic, minmay_distorted
D:2:      layout_sewer, overflow_temple_1_default, first_ration, basic_altar,
          yredelemnul_altar_generic, uniq_duvessa
D:3:      layout_cave_pools, lemuel_crystal_altar, serial_shops,
          kennysheep_mini_moat
D:4:      layout_rooms, nicolae_overflow_hidden_temple,
          minmay_temple_entry_fiery, uniq_joseph
D:5:      minmay_gate_of_8, layout_rooms, elyvilon_altar_4, david_lair_generic,
          serial_shops, nicolae_shop_trees
D:6:      layout_roguey, orc_0_dummy, uniq_snorg, uniq_frances, uniq_sonja,
          uniq_erolcha
Temple:   dshaligram_water_room_temple

Skill      XL: |  1  2  3  4  5  6  7  8  9 10 11 |
---------------+----------------------------------+-----
Dodging        | 2 3 4 7 8 |  8.3
Armour         | 3 4 5 7 11 12 | 12.4
Fighting       | 4 5 6 7 10 11 | 11.5
Maces & Staves | 4 5 6 |  6.7

Action                   |  1- 3 |  4- 6 |  7- 9 | 10-12 || total
-------------------------+-------+-------+-------+-------++-------
Melee: Mace              |    64 |       |       |       ||    64
       Unarmed           |    45 |       |     9 |    63 ||   117
       Dire flail        |    14 |   105 |   353 |   140 ||   612
       Kick              |       |       |    18 |    60 ||    78
       Eveningstar       |       |       |       |    75 ||    75
Invok: Berserk           |     1 |     2 |     3 |     1 ||     7
  Use: Scroll            |       |     1 |       |       ||     1
       Potion            |       |       |     3 |       ||     3
 Stab: Sleeping          |     1 |       |       |       ||     1
  Eat: Chunk             |       |     5 |    12 |     6 ||    23
Armor: Animal skin       |    25 |       |       |       ||    25
       Ring mail         |     5 |    47 |       |       ||    52
       Chain mail        |       |    19 |   352 |   164 ||   535
Dodge: Dodged            |    78 |   114 |   398 |   216 ||   806
